 Dungeon Crawl Stone Soup version 0.29.0-4-gdea44cf6ec (webtiles) character file.

Game seed: 1835967437110818798

16 qw the Sneak (level 2, -1/19 HPs)
             Began as a Gargoyle Delver on Sept 10, 2022.
             Slain by a scorpion (5 damage)
             ... on level 4 of the Dungeon.
             The game lasted 00:00:09 (283 turns).

qw the Sneak (Gargoyle Delver)                       Turns: 283, Time: 00:00:10

Health: -1/19      AC:  7    Str: 15    XL:     2   Next: 58%
Magic:  2/2        EV: 10    Int: 10    God:
Gold:   28         SH:  0    Dex: 11    Spells: 1/1 levels left

rFire   . . .      SeeInvis .   Y - +0 hand axe
rCold   . . .      Faith    .   (no shield)
rNeg    + . .      Spirit   .   h - +0 ring mail
rPois   inf        Reflect  .   (no helmet)
rElec   +          Harm     .   (no cloak)
rCorr   .          Rampage  .   (no gloves)
Will    .....                   (no boots)
Stlth   ++........              (no amulet)
HPRegen 0.06/turn               (no ring)
MPRegen 0.08/turn               (no ring)

@: no status effects
A: sickness immunity, AC +2, negative energy resistance 1, electricity
resistance, torment resistance 1, petrification resistance
a: no special abilities


You were on level 4 of the Dungeon.
You visited 1 branch of the dungeon, and saw 2 of its levels.

You collected 28 gold pieces.


Innate Abilities, Weirdness & Mutations

You are immune to sickness and miasma.
Your stone body is resilient. (AC +2)
You are immune to poison.
You resist negative energy. (rN+)
You are resistant to electric shocks. (rElec)
You are resistant to unholy torment.
You are immune to petrification.


   Skills:
 - Level 3.2 Fighting
 + Level 2.8 Axes
 - Level 1.5 Dodging
 - Level 5.4 Stealth


You had one spell level left.
You didn't know any spells.
Your spell library was empty.

Inventory:

Hand Weapons
 Y - a +0 hand axe (weapon)
Armour
 h - a +0 ring mail (worn)
Wands
 g - a wand of digging (3)
Potions
 f - a potion of haste

Dungeon Overview and Level Annotations

Branches:
Dungeon (5/15)             Temple (0/1) D:4

Altars:


Message History

A giant cockroach is nearby!
267 ||| Stepping randomly (stuck).
A giant cockroach is nearby!
A giant cockroach is nearby!
269 ||| Stepping randomly (stuck).
A scorpion comes into view.
There is an escape hatch in the floor here.
The giant cockroach closely misses you.
You hit the giant cockroach.
The giant cockroach is heavily wounded.
The giant cockroach bites you but does no damage.
You hit the giant cockroach.
The giant cockroach is severely wounded.
You barely miss the scorpion. The scorpion barely misses you.
The giant cockroach closely misses you.
You closely miss the giant cockroach.
The giant cockroach is severely wounded.
You hit the scorpion but do no damage.
The giant cockroach bites you but does no damage.
The scorpion stings you. The giant cockroach closely misses you.
The scorpion stings you.
You closely miss the giant cockroach.
The giant cockroach is severely wounded.
You closely miss the scorpion.
The giant cockroach bites you but does no damage.
The scorpion stings you.
You barely miss the giant cockroach.
The giant cockroach is severely wounded.
You hit the scorpion but do no damage.
The giant cockroach bites you but does no damage.
The scorpion stings you.
The giant cockroach bites you but does no damage.
The scorpion stings you but does no damage.
You slash the giant cockroach!
You kill the giant cockroach!
You closely miss the scorpion. The scorpion barely misses you.
You hit the scorpion but do no damage. The scorpion stings you. x2
You die...

### .... #.. ..}..>. #.#
....... #.# .###...
##### #.# ...#.}.
...#######'##..[#...
######.#................
#........#......s.......
#.....>###......@%......
#.....)# #..............
#......# #..............
#......# ###############
#......# #......#
#....... #.......


You could see a scorpion.

Vanquished Creatures
  An adder (D:5)
  A dart slug (D:5)
  An endoplasm (D:4)
  A giant cockroach (D:4)
  A goblin (D:4)
5 creatures vanquished.

Notes
Turn   | Place    | Note
-------+----------+-------------------------------------------
     0 | D:5      | qw the Gargoyle Delver began the quest for the Orb.
     0 | D:5      | Reached XP level 1. HP: 14/14 MP: 1/1
     0 | D:5      | 0 ||| qw: Version: 0.1-a-116-g5d60599
     0 | D:5      | 0 ||| qw: Game counter: 8664
     0 | D:5      | 0 ||| qw: Always use a shield: true
     0 | D:5      | 0 ||| qw: God list: Okawaru
     0 | D:5      | 0 ||| qw: Allow faded altars: false
     0 | D:5      | 0 ||| qw: Do Orc after D:15 true
     0 | D:5      | 0 ||| qw: Do second Lair branch before Depths: true
     0 | D:5      | 0 ||| qw: Lair rune preference: random
     0 | D:5      | 0 ||| qw: Plans: Normal
     0 | D:5      | 0 ||| PLANNING D:1-11
    28 | D:5      | Reached XP level 2. HP: 15/19 MP: 2/2
   135 | D:5      | 135 ||| UPGRADING to +0 ring mail.
   145 | D:5      | 145 ||| DROPPING +0 leather armour.
   146 | D:5      | 146 ||| DROPPING amulet of faith.
   147 | D:5      | 147 ||| READING scroll labelled WOJUEV LORAL.
   148 | D:5      | 148 ||| DROPPING scroll of fog.
   149 | D:5      | 149 ||| DROPPING scroll of magic mapping.
   150 | D:5      | 150 ||| DROPPING scroll of fear.
   167 | D:4      | 167 ||| Stepping ~*~*~tactically~*~*~ (stealth).
   168 | D:4      | 168 ||| Stepping ~*~*~tactically~*~*~ (stealth).
   263 | D:4      | Found a staircase to the Ecumenical Temple.
   264 | D:4      | 264 ||| Stepping randomly (stuck).
   266 | D:4      | 266 ||| Stepping randomly (stuck).
   267 | D:4      | 267 ||| Stepping randomly (stuck).
   269 | D:4      | 269 ||| Stepping randomly (stuck).
   269 | D:4      | Noticed a scorpion
   283 | D:4      | HP: 4/19 [scorpion (6)]
   283 | D:4      | Slain by a scorpion

Levels and vault maps discovered:
D:4:      layout_basic, nzn_overflow_gifts_of_might_and_magic,
          minmay_temple_entry_junction_2
D:5:      kennysheep_six_static_rooms, layout_cave_pods

Skill      XL: |  1 |
---------------+----+-----
Axes           | 2 |  2.8
Fighting       | |  3.2
Dodging        | |  1.5
Stealth        | |  5.4

Action                   || total
-------------------------++-------
Melee: Hand axe          ||    23
  Use: Scroll            ||     1
 Stab: Sleeping          ||     2
Armor: Leather armour    ||     4
       Ring mail         ||     8
Dodge: Dodged            ||    10

Table legend:
 A = Non-vault XP
 B = Vault XP
 C = Vault XP percentage of total XP
 D = Non-vault monster count
 E = Vault monster count
 F = Vault count percentage of total count
                 A         B        C        D         E       F
            +---------+---------+-------+---------+---------+-------
      Total |      24 |       0 |   0.0 |       5 |       0 |   0.0
            +---------+---------+-------+---------+---------+-------
        D:4 |       6 |       0 |   0.0 |       3 |       0 |   0.0
        D:5 |      18 |       0 |   0.0 |       2 |       0 |   0.0
            +---------+---------+-------+---------+---------+-------
